 Dungeon Crawl Stone Soup version 0.17.1-3-g152610e (webtiles) character file.

2651 Urist the Zephyrmancer (level 9, -8/54 HPs)
             Began as a High Elf Air Elementalist on Apr 7, 2016.
             Was a Believer of Vehumet.
             Mangled by an orc warrior
             ... wielding a +0 dire flail
              (25 damage)
             ... on level 7 of the Dungeon.
             The game lasted 00:36:47 (8107 turns).

Urist the Zephyrmancer (High Elf Air Elementalist)  Turns: 8107, Time: 00:36:48

Health: -8/54      AC:  3    Str:  7    XL:     9   Next: 36%
Magic:  7/21       EV: 15    Int: 23    God:    Vehumet [**....]
Gold:   226        SH:  0    Dex: 18    Spells: 6 memorised, 9 levels left

rFire  . . .     SeeInvis .     n - +3 dagger (flame)
rCold  + . .     Clarity  .     a - +0 robe
rNeg   . . .     SustAt   .     (no shield)
rPois  .         Gourm    .     f - +0 helmet
rElec  .         Spirit   .     (no cloak)
rCorr  .         Warding  .     (no gloves)
rMut   .         Rnd*Tele +     (no boots)
MR     .....                    (no amulet)
Stlth  +++.......               r - ring of wizardry
                                u - +2 ring of dexterity

@: not resistant to hostile enchantments, fairly stealthy
A: cold resistance 1, teleportitis 1
a: Renounce Religion


You were on level 7 of the Dungeon.
You worshipped Vehumet.
Vehumet was pleased with you.
You were not hungry.

You visited 2 branches of the dungeon, and saw 8 of its levels.
You also visited: Sewer.

You collected 226 gold pieces.

Inventory:

Hand Weapons
 g - a +0 dagger
 i - a +0 scimitar
 n - a +3 dagger of flaming (weapon)
 p - a +2 whip of freezing
 q - a +0 shortbow
Missiles
 s - 79 arrows
Armour
 a - a +0 robe (worn)
 f - a +0 helmet (worn)
Jewellery
 e - an uncursed ring of flight
 r - a ring of wizardry (right hand)
 u - a +2 ring of dexterity (left hand)
Wands
 c - a wand of cold (13)
 t - a wand of disintegration (0)
 x - a wand of enslavement (9)
 y - a wand of polymorph (0)
 A - a wand of draining (7)
Scrolls
 d - 3 scrolls of amnesia
 h - 3 scrolls of identify
 l - 3 scrolls of remove curse
 w - a scroll of vulnerability {unknown}
 z - a scroll of magic mapping {unknown}
Potions
 j - 5 potions of curing
 k - a potion of agility
 o - a potion of brilliance
Books
 b - a book of Air

   Spells                             Type                      Level
   a - Shock                          Conjuration/Air              1
   b - Swiftness                      Charms/Air                   2
   c - Repel Missiles                 Charms/Air                   2
   d - Static Discharge               Conjuration/Air              3
   e - Lightning Bolt                 Conjuration/Air              5
Comestibles
 m - a meat ration
 v - a bread ration


   Skills:
 + Level 2.0 Fighting
 + Level 0.2 Short Blades
 + Level 2.6 Bows
 + Level 4.3 Dodging
 + Level 3.8 Stealth
 + Level 7.8 Spellcasting
 + Level 6.4 Conjurations
 + Level 1.7 Charms
 + Level 8.4 Air Magic
 + Level 0.5 Poison Magic
 + Level 2.3 Evocations


You had 9 spell levels left.
You knew the following spells:

 Your Spells              Type           Power        Failure   Level  Hunger
a - Shock                 Conj/Air       ####         1%          1    None
b - Swiftness             Chrm/Air       ####....     1%          2    None
c - Static Discharge      Conj/Air       #####...     1%          3    None
d - Repel Missiles        Chrm/Air       ####..       1%          2    None
e - Lightning Bolt        Conj/Air       #####.....   4%          5    #####..
f - Sting                 Conj/Pois      ####         1%          1    None


Dungeon Overview and Level Annotations

Branches:
Dungeon (7/15)             Temple (1/1) D:4

Altars:
Ashenzari
Cheibriados
Dithmenos
Elyvilon
Fedhas
Gozag
Kikubaaqudgha
Nemelex Xobeh
Okawaru
Qazlal
Ru
Sif Muna
Trog
Vehumet
Xom
Yredelemnul
Zin


Innate Abilities, Weirdness & Mutations

Your flesh is cold resistant.
You are occasionally teleported next to monsters.


Message History

Vehumet accepts your kill.
The orc warrior is no longer charmed.
The orc warrior shouts!
Evoke which item? (* to show all) (? for menu, Esc to quit)
Zapping:
t - a wand of disintegration {zapped: 9} (will waste charges)
Press: ? - help, Shift-Dir - straight line, f - orc warrior
Aim: an orc warrior, wielding a dire flail and wearing a chain mail (chance to defeat MR: 72%)
The orc warrior is blasted.
Evoking this partially-identified wand wasted a few charges.
The orc warrior barely misses you.
Casting: Shock
Confirm with . or Enter, or press ? or * to list all spells.
Okay, then.
Evoke which item? (* to show all) (? for menu, Esc to quit)
Zapping:
t - a wand of disintegration {zapped: 11} (will waste charges)
Press: ? - help, Shift-Dir - straight line, f/p - orc warrior
Aim: an orc warrior, wielding a dire flail and wearing a chain mail (severely wounded, chance to defeat MR: 72%) Nothing appears to happen.
The orc warrior hits you with a dire flail!!
You die...

#..#(#).#......#.###..
#).))...#......##.#.##
####.#############.##
#.# ### #.# #.# ##
#.## #. #..# #. ##@##
#. #o)# #. ##.# #. #.#
#. #.# #. ####.### ##
######## #......#
.......# ####.##.#.###
...### .#####>#
#)((...)#...##. #.....


You could see an orc warrior.

Vanquished Creatures
  Prince Ribbit (D:5)
  A human (D:6)
  Menkaure (D:4)
  Edmund (D:6)
  A warg (D:5)
  An ogre (D:7)
  An ice beast (D:6)
  A slave (D:5)
  A sky beast (D:6)
  An orc warrior (D:6)
  3 phantoms
  4 centaurs
  2 giant frogs
  A big kobold (Sewer)
  3 crimson imps
  A quasit (D:6)
  3 orc priests
  7 orc wizards
  A hound (D:5)
  2 iguanas
  2 worker ants
  6 adders
  A shadow imp (D:5)
  An ooze (Sewer)
  3 worms
  An adder skeleton (D:4)
  9 giant geckos
  14 orcs
  3 giant cockroaches
  13 goblins
  4 hobgoblins
  3 jackals (D:1)
  4 quokkas
  A ball python (Sewer)
  8 bats
  5 giant newts
  20 kobolds
  5 rats
  A plant (Sewer)
141 creatures vanquished.

Vanquished Creatures (collateral kills)
  2 big kobolds (Sewer)
  A shadow imp (D:7)
  3 orcs (D:7)
  A giant cockroach (Sewer)
  2 rats (Sewer)
9 creatures vanquished.

Vanquished Creatures (others)
  2 slaves (D:5)
  A worker ant (D:5)
  An adder (D:5)
  An orc (D:5)
5 creatures vanquished.

Grand Total: 155 creatures vanquished

Notes
Turn   | Place    | Note
--------------------------------------------------------------
     0 | D:1      | Urist the High Elf Air Elementalist began the quest for the Orb.
     0 | D:1      | Reached XP level 1. HP: 11/11 MP: 4/4
    98 | D:1      | Reached skill level 4 in Air Magic
   161 | D:1      | Reached XP level 2. HP: 17/17 MP: 3/6
   167 | D:1      | Learned a level 2 spell: Swiftness
   748 | D:1      | Reached XP level 3. HP: 21/21 MP: 4/8
  1311 | D:2      | Found a sparkling altar of Nemelex Xobeh.
  1324 | D:2      | Became a worshipper of Nemelex Xobeh the Trickster
  1367 | D:2      | Found a bloodstained altar of Trog.
  1458 | D:2      | Received a gift from Nemelex Xobeh
  2018 | D:2      | Found a shattered altar of Ashenzari.
  2018 | D:2      | Found an iron altar of Okawaru.
  2023 | D:3      | Noticed a phantom
  2027 | D:3      | Reached XP level 4. HP: 15/27 MP: 5/10
  2388 | D:2      | Learned a level 3 spell: Static Discharge
  2671 | D:3      | You fall through a shaft for 2 floors!
  2671 | D:5      | Entered Level 5 of the Dungeon
  2753 | D:4      | Learned a level 2 spell: Repel Missiles
  2809 | D:4      | Noticed Menkaure
  2814 | D:4      | Killed Menkaure
  2814 | D:4      | Reached skill level 5 in Air Magic
  2814 | D:4      | Reached XP level 5. HP: 20/31 MP: 1/12
  2915 | D:4      | Found a glowing drain.
  2950 | Sewer    | Entered a sewer
  3118 | Sewer    | Reached * piety under Nemelex Xobeh
  3140 | Sewer    | Reached XP level 6. HP: 36/36 MP: 1/14
  3708 | D:4      | Found a staircase to the Ecumenical Temple.
  3717 | D:4      | Reached skill level 5 in Spellcasting
  3995 | Temple   | Entered the Ecumenical Temple
  4036 | Temple   | Fell from the grace of Nemelex Xobeh
  4036 | Temple   | Became a worshipper of Vehumet
  4310 | D:5      | Reached skill level 6 in Air Magic
  4388 | D:5      | Noticed a centaur
  4394 | D:5      | Killed a centaur
  4394 | D:5      | Reached skill level 1 in Fighting
  4394 | D:5      | Reached XP level 7. HP: 26/43 MP: 6/15
  4601 | D:5      | Noticed Prince Ribbit
  4609 | D:5      | Killed Prince Ribbit
  4609 | D:5      | Reached skill level 1 in Evocations
  4722 | D:5      | Noticed a slave
  4723 | D:5      | Noticed a slave
  4760 | D:5      | Killed a slave
  4886 | D:5      | Noticed Pikel
  4977 | D:5      | Noticed a slave
  4985 | D:5      | Noticed Pikel
  4985 | D:5      | Pikel changed into Pikel the warg
  5000 | D:5      | Killed Pikel the warg
  5032 | D:5      | Noticed a freed slave
  5087 | D:5      | Killed a freed slave
  5277 | D:5      | Gained mutation: Your flesh is cold resistant. [potion of beneficial mutation]
  5307 | D:6      | Reached XP level 8. HP: 38/49 MP: 8/18
  5551 | D:6      | Reached * piety under Vehumet
  5551 | D:6      | Offered knowledge of Sting by Vehumet.
  5551 | D:6      | Reached skill level 7 in Air Magic
  5575 | D:6      | Reached skill level 5 in Conjurations
  5590 | D:6      | Noticed Edmund
  5657 | D:5      | XOM: mild Trmt miscast
  5679 | D:5      | Reached skill level 1 in Bows
  6007 | D:5      | Learned a level 5 spell: Lightning Bolt
  6009 | D:5      | Learned a level 1 spell: Sting
  6386 | D:5      | Killed a freed slave
  6847 | D:5      | XOM: silly message
  6904 | D:6      | Reached skill level 8 in Air Magic
  7061 | D:6      | Reached skill level 1 in Charms
  7061 | D:6      | Reached XP level 9. HP: 37/54 MP: 18/21
  7068 | D:6      | Gained mutation: You are occasionally teleported next to monsters. [mutagenic meat]
  7229 | D:6      | Killed Edmund
  8085 | D:7      | Reached ** piety under Vehumet
  8085 | D:7      | Offered knowledge of Magic Dart by Vehumet.
  8107 | D:7      | Mangled by an orc warrior

Action                   |  1- 3 |  4- 6 |  7- 9 || total
-------------------------+-------+-------+-------++-------
Melee: Dagger            |    21 |    26 |    18 ||    65
 Fire: Shortbow          |       |       |    28 ||    28
 Cast: Shock             |    96 |    99 |    96 ||   291
       Static Discharge  |       |     9 |    70 ||    79
       Sting             |       |       |     9 ||     9
       Swiftness         |       |       |     4 ||     4
       Lightning Bolt    |       |       |     1 ||     1
Evoke: Deck              |       |     5 |     3 ||     8
       Wand              |       |     6 |    16 ||    22
  Use: Scroll            |     7 |     1 |     7 ||    15
       Potion            |     3 |     3 |     7 ||    13
  Eat: Bread ration      |     1 |     1 |     2 ||     4
       Meat ration       |       |     1 |     3 ||     4
       Beef jerky        |       |       |     1 ||     1
       Chunk             |       |       |     1 ||     1
